Workbook
Name ASIGNACIÓN: 'TABLAS VALORACIÓN'!$H$27:$H$28
Name CLASE: 'TABLAS VALORACIÓN'!$C$27:$C$28
Name ETAPA: 'TABLAS VALORACIÓN'!#REF!
Name FUENTE: 'TABLAS VALORACIÓN'!$D$27:$D$28
Name IMPACTO: 'TABLAS VALORACIÓN'!$G$27:$G$31
Name PROBABILIDAD: 'TABLAS VALORACIÓN'!$F$27:$F$31
Name TIPO: 'TABLAS VALORACIÓN'!#REF!

Sheet ANEXO RIESGOS
F1: PROCESO ADQUISICIÓN DE BIENES Y SERVICIOS FORMATO - Anexo FCT Matriz de identificación, valoración y asignación de riesgos | V1: A3.F1.P3.ABS | Y1: 42971
V2: Versión 2
V3: Clasificación de la Información: Pública
C5: Denominación del bien o servicio | H5: Instalación, certificación y puesta en funcionamiento de cableado estructurado en puntos datos y voz, para la Regional Caquetá. | X5: Anexo # | Y5: 3
X6: Fecha | Y6: 43333
C7: Elaborado de conformidad con la metodología propuesta por la Agencia Nacional para la Contratación Pública – Colombia Compra Eficiente, detallada en el “Manual para la Identificación y Cobertura del Riesgo en los Proceso de Contratación", fuente: http://www.colombiacompra.gov.co/es/manuales-y-documentos-tipo, disponible en internet, fecha de consulta 23 de enero de 2016.
C8: No. | D8: Clase | E8: Fuente | F8: Etapa | G8: Tipo | H8: Descripción (Qué puede pasar y, cómo puede ocurrir) | I8: Consecuencia de la ocurrencia del evento | J8: Probabilidad | K8: Impacto | L8: Valoración del riesgo | M8: Categoría | N8: ¿A quién se le asigna? | O8: Tratamiento/Controles a ser implementados | P8: Impacto después del tratamiento | T8: ¿Afecta la ejecución del contrato? | U8: Responsable por implementar el tratamiento | V8: A partir de cuando se inicia el tratamiento | W8: Cuando se completa el tratamiento | X8: Monitoreo y revisión
P9: Probabilidad | Q9: Impacto | R9: Valoración del riesgo | S9: Categoría | X9: ¿Cómo se realiza el monitoreo? | Y9: Periodicidad
B10: Eliminar esta fila antes de remitir a la Dirección de Abastecimiento | C10: Numeración consecutiva desde 1 | D10: Seleccionar de lista desplegable | E10: Seleccionar de lista desplegable | F10: Seleccionar de lista desplegable | G10: Seleccionar de lista desplegable | H10: Digitar | I10: Digitar | J10: Seleccionar de lista desplegable | K10: Seleccionar de lista desplegable | L10: Formulado, no modificar | M10: Formulado, no modificar | N10: Seleccionar de lista desplegable | O10: Digitar | P10: Seleccionar de lista desplegable | Q10: Seleccionar de lista desplegable | R10: Formulado, no modificar | S10: Formulado, no modificar | T10: Seleccionar de lista desplegable | U10: Seleccionar de lista desplegable | V10: Digitar | W10: Digitar | X10: Digitar | Y10: Digitar
C11: 1 | D11: General | E11: Externo | F11: Selección | G11: Riesgos Operacionales | H11: Que no se presenten proponentes a la proceso de selección | I11: Se declara desierto el proceso | J11: 2=Improbable | K11: 3= Moderado | L11: =IFERROR(MID(J11,1,1)+MID(K11,1,1),"") -> 5 | M11: =IF(L11="","",IF(OR(L11=2,L11=3,L11=4),'TABLAS VALORACIÓN'!$Y$19,IF(L11=5,'TABLAS VALORACIÓN'!$Y$18,IF(OR(L11=6,L11=7),'TABLAS VALORACIÓN'!$Y$17,IF(OR(L11=8,L11=9,L11=10),'TABLAS VALORACIÓN'!$Y$16))))) -> Riesgo Medio | N11: ICBF | O11: Establecer en el pliego de condiciones criterios mínimos habilitantes técnicos, jurídicos y financieros acordes con el sector | P11: 1=Raro | Q11: 3= Moderado | R11: =IFERROR(MID(P11,1,1)+MID(Q11,1,1),"") -> 4 | S11: =IF(R11="","",IF(OR(R11=2,R11=3,R11=4),'TABLAS VALORACIÓN'!$Y$19,IF(R11=5,'TABLAS VALORACIÓN'!$Y$18,IF(OR(R11=6,R11=7),'TABLAS VALORACIÓN'!$Y$17,IF(OR(R11=8,R11=9,R11=10),'TABLAS VALORACIÓN'!$Y$16))))) -> Riesgo Bajo | T11: SI | U11: ICBF | V11: Desde la estructuración de los documentos del proceso | W11: Hasta la fecha límite de expedición de adendas | X11: Revisando que los criterioes habilitantes correspondan a los que arroje el estudio de sector | Y11: Diario
C12: 2 | D12: General | E12: Interno | F12: Planeación | G12: Riesgos Operacionales | H12: Demora en la formulación y aprobación de los documentos del proceso de contratación | I12: Retraso en el inicio del proceso de contratación y/o en el inicio de la ejecución del contrato. | J12: 2=Improbable | K12: 3= Moderado | L12: =IFERROR(MID(J12,1,1)+MID(K12,1,1),"") -> 5 | M12: =IF(L12="","",IF(OR(L12=2,L12=3,L12=4),'TABLAS VALORACIÓN'!$Y$19,IF(L12=5,'TABLAS VALORACIÓN'!$Y$18,IF(OR(L12=6,L12=7),'TABLAS VALORACIÓN'!$Y$17,IF(OR(L12=8,L12=9,L12=10),'TABLAS VALORACIÓN'!$Y$16))))) -> Riesgo Medio | N12: ICBF | O12: Realizar cronograma para la contratación teniendo en cuenta los tiempos definidos en el titulo 3 del Manual de Contratación de la Entidad y en las normatividad vigente, para garantizar el inicio oportuno de la ejecución. Articular las áreas involucradas en el proceso para definir tareas y tiempos. | P12: 1=Raro | Q12: 3= Moderado | R12: =IFERROR(MID(P12,1,1)+MID(Q12,1,1),"") -> 4 | S12: =IF(R12="","",IF(OR(R12=2,R12=3,R12=4),'TABLAS VALORACIÓN'!$Y$19,IF(R12=5,'TABLAS VALORACIÓN'!$Y$18,IF(OR(R12=6,R12=7),'TABLAS VALORACIÓN'!$Y$17,IF(OR(R12=8,R12=9,R12=10),'TABLAS VALORACIÓN'!$Y$16))))) -> Riesgo Bajo | T12: SI | U12: ICBF | V12: Desde la inclusión de la contratación en el Plan Anual de Adquisición | W12: Hasta la adjudicación | X12: Seguimiento al cumplimiento del cronograma de procesos de contratación de la Entidad y de los tiempos definidos en el Manual de Contratación. | Y12: Semanal
C13: 3 | D13: General | E13: Externo | F13: Planeación | G13: Riesgos Económicos | H13: Sobre estimación del presupuesto por cotizaciones recibidas durante el estudio de mercado incluyendo sobrecostos | I13: Estimación inadecuada del presupuesto por incrementos en los precios remitidos por potenciales proveedores | J13: 4=Probable | K13: 3= Moderado | L13: =IFERROR(MID(J13,1,1)+MID(K13,1,1),"") -> 7 | M13: =IF(L13="","",IF(OR(L13=2,L13=3,L13=4),'TABLAS VALORACIÓN'!$Y$19,IF(L13=5,'TABLAS VALORACIÓN'!$Y$18,IF(OR(L13=6,L13=7),'TABLAS VALORACIÓN'!$Y$17,IF(OR(L13=8,L13=9,L13=10),'TABLAS VALORACIÓN'!$Y$16))))) -> Riesgo Alto | N13: ICBF | O13: Creación de base de datos con precios de contratación del ICBF y de otras entidades, previa verificación de que las características técnicas son comparables, y tenerlas en cuenta para la definición del presupuesto. Creación de una base de datos de proveedores para obtener la mayor cantidad posible de cotizaciones que permitan estimar mejor los precios promedio de mercado. | P13: 1=Raro | Q13: 2= Menor | R13: =IFERROR(MID(P13,1,1)+MID(Q13,1,1),"") -> 3 | S13: =IF(R13="","",IF(OR(R13=2,R13=3,R13=4),'TABLAS VALORACIÓN'!$Y$19,IF(R13=5,'TABLAS VALORACIÓN'!$Y$18,IF(OR(R13=6,R13=7),'TABLAS VALORACIÓN'!$Y$17,IF(OR(R13=8,R13=9,R13=10),'TABLAS VALORACIÓN'!$Y$16))))) -> Riesgo Bajo | T13: SI | U13: ICBF | V13: Desde el inicio de la realización del estudio de mercado | W13: Hasta la finalización del estudio de mercado | X13: Seguimiento al estudio de mercado realizado por la Dirección de Abastecimiento. | Y13: Durante el estudio de mercado
C14: 4 | D14: General | E14: Externo | F14: Ejecución | G14: Riesgos Económicos | H14: Riesgo cambiario | I14: Incremento en los costos e insumos requeridos para la ejecución del contrato | J14: 3=Posible | K14: 4= Mayor | L14: =IFERROR(MID(J14,1,1)+MID(K14,1,1),"") -> 7 | M14: =IF(L14="","",IF(OR(L14=2,L14=3,L14=4),'TABLAS VALORACIÓN'!$Y$19,IF(L14=5,'TABLAS VALORACIÓN'!$Y$18,IF(OR(L14=6,L14=7),'TABLAS VALORACIÓN'!$Y$17,IF(OR(L14=8,L14=9,L14=10),'TABLAS VALORACIÓN'!$Y$16))))) -> Riesgo Alto | N14: Contratista | O14: - Analizar las fluctuaciones de las tasas de cambio que puedan afectar el precio en pesos colombianos de los bienes requeridos para el cumplimiento del objeto contractual y presentar su oferta teniendo en cuenta las previsiones realizadas. - Utilizar mecanismos de cobertura cambiaria | P14: 1=Raro | Q14: 2= Menor | R14: =IFERROR(MID(P14,1,1)+MID(Q14,1,1),"") -> 3 | S14: =IF(R14="","",IF(OR(R14=2,R14=3,R14=4),'TABLAS VALORACIÓN'!$Y$19,IF(R14=5,'TABLAS VALORACIÓN'!$Y$18,IF(OR(R14=6,R14=7),'TABLAS VALORACIÓN'!$Y$17,IF(OR(R14=8,R14=9,R14=10),'TABLAS VALORACIÓN'!$Y$16))))) -> Riesgo Bajo | T14: SI | U14: Contratista | V14: Desde la Planeación de la oferta | W14: Hasta la terminación del contrato | X14: Seguimiento períodico al cumplimiento de las obligaciones contractuales | Y14: De acuerdo con lo establecido en la FCT
C15: 5 | D15: General | E15: Externo | F15: Ejecución | G15: Riesgos Operacionales | H15: Incumplimiento por parte de terceros en la entrega y/o aprovisionamiento de los componentes, materiales, herramientas y accesorios requeridos | I15: Incumplimiento en la entrega por parte del contratista de los componentes, materiales, herramientas y accesorios requeridos | J15: 4=Probable | K15: 3= Moderado | L15: =IFERROR(MID(J15,1,1)+MID(K15,1,1),"") -> 7 | M15: =IF(L15="","",IF(OR(L15=2,L15=3,L15=4),'TABLAS VALORACIÓN'!$Y$19,IF(L15=5,'TABLAS VALORACIÓN'!$Y$18,IF(OR(L15=6,L15=7),'TABLAS VALORACIÓN'!$Y$17,IF(OR(L15=8,L15=9,L15=10),'TABLAS VALORACIÓN'!$Y$16))))) -> Riesgo Alto | N15: Contratista | O15: Incluir en la FCT Acuerdos de Nivel de Servicio (ANS) para la entrega de elementos, partes y repuestos requeridos, que impliquen ajustes en la facturación en caso de no ser cumplidos por el contratista. | P15: 3=Posible | Q15: 3= Moderado | R15: =IFERROR(MID(P15,1,1)+MID(Q15,1,1),"") -> 6 | S15: =IF(R15="","",IF(OR(R15=2,R15=3,R15=4),'TABLAS VALORACIÓN'!$Y$19,IF(R15=5,'TABLAS VALORACIÓN'!$Y$18,IF(OR(R15=6,R15=7),'TABLAS VALORACIÓN'!$Y$17,IF(OR(R15=8,R15=9,R15=10),'TABLAS VALORACIÓN'!$Y$16))))) -> Riesgo Alto | T15: SI | U15: Contratista | V15: Desde la Planeación de la oferta | W15: Hasta la fecha máxima de publicación de adendas (según la modalidad de selección) | X15: Seguimiento períodico al cumplimiento de las obligaciones contractuales | Y15: De acuerdo con lo establecido en la FCT
C16: 6 | D16: Específico | E16: Externo | F16: Ejecución | G16: Riesgos Operacionales | H16: Hurto o daño en los componentes, materiales, herramientas y accesorios requeridos a adquirir (antes de que sean recibidos a satisfacción por la Entidad) | I16: Retrasos en la ejecución y/o incumplimiento del objeto contractual | J16: 3=Posible | K16: 3= Moderado | L16: =IFERROR(MID(J16,1,1)+MID(K16,1,1),"") -> 6 | M16: =IF(L16="","",IF(OR(L16=2,L16=3,L16=4),'TABLAS VALORACIÓN'!$Y$19,IF(L16=5,'TABLAS VALORACIÓN'!$Y$18,IF(OR(L16=6,L16=7),'TABLAS VALORACIÓN'!$Y$17,IF(OR(L16=8,L16=9,L16=10),'TABLAS VALORACIÓN'!$Y$16))))) -> Riesgo Alto | N16: Contratista | O16: Obligación por parte del contratista de contar con la vigilancia de los componentes, materiales, herramientas y accesorios requeridos o suministros objeto del contrato | P16: 1=Raro | Q16: 2= Menor | R16: =IFERROR(MID(P16,1,1)+MID(Q16,1,1),"") -> 3 | S16: =IF(R16="","",IF(OR(R16=2,R16=3,R16=4),'TABLAS VALORACIÓN'!$Y$19,IF(R16=5,'TABLAS VALORACIÓN'!$Y$18,IF(OR(R16=6,R16=7),'TABLAS VALORACIÓN'!$Y$17,IF(OR(R16=8,R16=9,R16=10),'TABLAS VALORACIÓN'!$Y$16))))) -> Riesgo Bajo | T16: SI | U16: Contratista | V16: Desde el inicio de la ejecución del contrato | W16: Hasta la finalización de la ejecución del contrato | X16: - Seguimiento y control sobre los inventarios de materiales, equipos o suministros requeridos para la prestación del servicio | Y16: De acuerdo con lo establecido en la FCT
C17: 7 | D17: General | E17: Externo | F17: Ejecución | G17: Riesgos de la Naturaleza | H17: Eventos de la naturaleza que impiden continuar con la ejecución del contrato temporal o definitivamente. | I17: Retrasos en la ejecución y/o incumplimiento del objeto contractual | J17: 2=Improbable | K17: 4= Mayor | L17: =IFERROR(MID(J17,1,1)+MID(K17,1,1),"") -> 6 | M17: =IF(L17="","",IF(OR(L17=2,L17=3,L17=4),'TABLAS VALORACIÓN'!$Y$19,IF(L17=5,'TABLAS VALORACIÓN'!$Y$18,IF(OR(L17=6,L17=7),'TABLAS VALORACIÓN'!$Y$17,IF(OR(L17=8,L17=9,L17=10),'TABLAS VALORACIÓN'!$Y$16))))) -> Riesgo Alto | N17: Contratista | O17: Los oferentes deben considerar, en la planeación de la oferta, factores climáticos conocidos (como el fenómeno del niño), geotécnicos, ambientales y demás que puedan afectar negativamente la ejecución del contrato. El contratista debe implementar planes de contingencia, que contemplen entre otras, actividades como, aumento de cuadrillas o frentes de trabajo, jornadas de trabajo diferentes a las establecidas, empleo de otros elementos o materiales que permitan la continuidad de la ejecución del contrato, todas estas, tendientes a minimizar el impacto de los fenómenos de la naturaleza. | P17: 1=Raro | Q17: 3= Moderado | R17: =IFERROR(MID(P17,1,1)+MID(Q17,1,1),"") -> 4 | S17: =IF(R17="","",IF(OR(R17=2,R17=3,R17=4),'TABLAS VALORACIÓN'!$Y$19,IF(R17=5,'TABLAS VALORACIÓN'!$Y$18,IF(OR(R17=6,R17=7),'TABLAS VALORACIÓN'!$Y$17,IF(OR(R17=8,R17=9,R17=10),'TABLAS VALORACIÓN'!$Y$16))))) -> Riesgo Bajo | T17: SI | U17: Contratista | V17: Desde la Planeación de la oferta | W17: Hasta la finalización de la ejecución del contrato | X17: Verificar que el contratista de cumplimiento a los planes de contingencia implementados | Y17: De acuerdo con lo establecido en la FCT
C18: 8 | D18: General | E18: Externo | F18: Ejecución | G18: Riesgos Regulatorios | H18: Modificaciones del régimen legal (tributario, expedición de normas de carácter técnico, de calidad o ambientales, entre otras) que implique afectación a la ejecución del contrato y la prestación del servicio | I18: Desequilibrio en la ecuación contractual o retrasos en la ejecución y/o incumplimiento del objeto contractual | J18: 2=Improbable | K18: 3= Moderado | L18: =IFERROR(MID(J18,1,1)+MID(K18,1,1),"") -> 5 | M18: =IF(L18="","",IF(OR(L18=2,L18=3,L18=4),'TABLAS VALORACIÓN'!$Y$19,IF(L18=5,'TABLAS VALORACIÓN'!$Y$18,IF(OR(L18=6,L18=7),'TABLAS VALORACIÓN'!$Y$17,IF(OR(L18=8,L18=9,L18=10),'TABLAS VALORACIÓN'!$Y$16))))) -> Riesgo Medio | N18: Contratista | O18: El oferente desde la estructuración y planeación de la propuesta, debe considerar posibles modificaciones del régimen legal | P18: 1=Raro | Q18: 3= Moderado | R18: =IFERROR(MID(P18,1,1)+MID(Q18,1,1),"") -> 4 | S18: =IF(R18="","",IF(OR(R18=2,R18=3,R18=4),'TABLAS VALORACIÓN'!$Y$19,IF(R18=5,'TABLAS VALORACIÓN'!$Y$18,IF(OR(R18=6,R18=7),'TABLAS VALORACIÓN'!$Y$17,IF(OR(R18=8,R18=9,R18=10),'TABLAS VALORACIÓN'!$Y$16))))) -> Riesgo Bajo | T18: SI | U18: Contratista | V18: Desde el inicio de la ejecución del contrato | W18: Hasta la finalización de la ejecución del contrato | X18: Verificar que el contratista dé cumplimiento a los planes de contingencia implementados | Y18: De acuerdo con lo establecido en la FCT
C19: 9 | D19: General | E19: Interno | F19: Planeación | G19: Riesgos Económicos | H19: Dificultad para conseguir cotizantes | I19: Retrasos en la elaboración de los estudios así como en la estimación del presupuesto | J19: 4=Probable | K19: 3= Moderado | L19: =IFERROR(MID(J19,1,1)+MID(K19,1,1),"") -> 7 | M19: =IF(L19="","",IF(OR(L19=2,L19=3,L19=4),'TABLAS VALORACIÓN'!$Y$19,IF(L19=5,'TABLAS VALORACIÓN'!$Y$18,IF(OR(L19=6,L19=7),'TABLAS VALORACIÓN'!$Y$17,IF(OR(L19=8,L19=9,L19=10),'TABLAS VALORACIÓN'!$Y$16))))) -> Riesgo Alto | N19: ICBF | O19: Creación de base de datos con precios de contratación del ICBF y de otras entidades, previa verificación de que las características técnicas son comparables, y tenerlas en cuenta para la definición del presupuesto. Verificación de la base de datos de proveedores para obtener la mayor cantidad posible de cotizaciones que permitan estimar mejor los precios promedio de mercado. Incluir a las empresas que se presentaron en el proceso anterior. | P19: 1=Raro | Q19: 2= Menor | R19: =IFERROR(MID(P19,1,1)+MID(Q19,1,1),"") -> 3 | S19: =IF(R19="","",IF(OR(R19=2,R19=3,R19=4),'TABLAS VALORACIÓN'!$Y$19,IF(R19=5,'TABLAS VALORACIÓN'!$Y$18,IF(OR(R19=6,R19=7),'TABLAS VALORACIÓN'!$Y$17,IF(OR(R19=8,R19=9,R19=10),'TABLAS VALORACIÓN'!$Y$16))))) -> Riesgo Bajo | T19: SI | U19: ICBF / Direccion de Abastecimiento | V19: Desde el inicio de la realización del estudio de mercado | W19: Hasta la finalización del estudio de mercado | X19: Seguimiento al estudio de mercado realizado por la Dirección de Abastecimiento. | Y19: Durante el estudio de mercado
C20: Antes de imprimir este documento… piense en el medio ambiente! Cualquier copia impresa de este documento se considera como COPIA NO CONTROLADA.
Z23: =IF(#REF!="Raro",1,IF(#REF!="Improbable",2,IF(#REF!="Posible",3,IF(#REF!="Probable",4,IF(#REF!="casi cierto",5,""))))) -> #REF! | AA23: =IF(#REF!="Insignificante",1,IF(#REF!="Menor",2,IF(#REF!="Moderado",3,IF(#REF!="Mayor",4,IF(#REF!="Catastrófico",5,""))))) -> #REF! | AB23: =IF(#REF!="Raro",1,IF(#REF!="Improbable",2,IF(#REF!="Posible",3,IF(#REF!="Probable",4,IF(#REF!="casi cierto",5,""))))) -> #REF! | AC23: =IF(#REF!="Insignificante",1,IF(#REF!="Menor",2,IF(#REF!="Moderado",3,IF(#REF!="Mayor",4,IF(#REF!="Catastrófico",5,""))))) -> #REF!

Sheet TABLAS VALORACIÓN
A1: TABLAS PARA VALORACIÓN DE RIESGO SEGÚN METODOLOGÍA CCE - No imprimir
B3: Clase del Riesgo | C3: Descripción | F3: Etapa del proceso | G3: Desde | H3: Hasta | I3: Descrición | N3: Tipo de riesgo | O3: Descripción
B4: General | C4: es un Riesgo de todos los Procesos de Contratación adelantados por la Entidad Estatal, por lo cual está presente en toda su actividad contractual. | F4: Planeación | G4: Plan anual de adquisición | H4: Acto de Apertura del Proceso de Contratación | I4: Durante esta estapa, la Entidad elabora los estudios previos y el proyecto de pliegos de condiciones o sus equivalentes. Dentro de las preguntas que la Entidad Estatal debe hacerse para identificar los Riesgos de la etapa de planeación se encuentran las siguientes: (i) La modalidad de contratación es adecuada para el bien servicio u obra necesitado. (ii) Los requisitos habilitantes son los apropiados para el Proceso de Contratación y es posible encontrar proponentes que los cumplan incluyendo los Riesgos relacionados con la habilidad para determinar requisitos habilitantes consistentes con el Proceso de Contratación y con el sector económico en el que actúan los posibles oferentes. (iii) El valor del contrato corresponde a los precios del mercado. (iv) La descripción del bien o servicio requerido es claro. (v) El Proceso de Contratación cuenta con las condiciones que garanticen la transparencia, equidad y competencia entre los proponentes. (vi) El estudio de mercado permite identificar los aspectos de oferta y demanda del mercado respectivo. (vii) El diseño del Proceso de Contratación permite satisfacer las necesidades de la Entidad Estatal, cumplir su misión y si es coherente con el cumplimiento de sus objetivos y metas. | N4: Riesgos Económicos: | O4: son los derivados del comportamiento del mercado, tales como la fluctuación de los precios de los insumos, desabastecimiento y especulación de los mismos, entre otros.
B5: Específico | C5: es un Riesgo propio del Proceso de Contratación objeto de análisis. | N5: Riesgos Sociales o Políticos | O5: son los derivados de los cambios de las políticas gubernamentales y de cambios en las condiciones sociales que tengan impacto en la ejecución del contrato.
N6: Riesgos Operacionales | O6: son los asociados a la operatividad del contrato, tales como la suficiencia del presupuesto oficial, del plazo o los derivados de procesos, procedimientos, parámetros, sistemas de información y tecnológicos, equipos humanos o técnicos inadecuados o insuficientes.
B7: Fuente del Riesgo | C7: Descripción | F7: Selección | G7: Acto de Apertura del Proceso de Contratación | H7: Adjudicación o la declaración de desierto del Proceso de Contratación | I7: En la etapa de selección la Entidad Estatal selecciona al contratista. En esta etapa los Riesgos frecuentes son los siguientes: (i) Falta de capacidad de la Entidad Estatal para promover y adelantar la selección del contratista, incluyendo el riesgo de seleccionar aquellos que no cumplan con la totalidad de los requisitos habilitantes o se encuentren incursos en alguna inhabilidad o incompatibilidad. (ii) Riesgo de colusión. (iii) Riesgo de ofertas artificialmente bajas. | N7: Riesgos Financieros: | O7: son (i) el riesgo de consecución de financiación o riesgo de liquidez para obtener recursos para cumplir con el objeto del contrato, y (ii) el riesgo de las condiciones financieras establecidas para la obtención de los recursos, tales como plazos, tasas, garantías, contragarantías, y refinanciaciones, entre otros.
B8: Interno | C8: es un Riesgo asociado a la operación, capacidad, o situación particular de la Entidad Estatal (reputacional, tecnológico). | F8: Contratación | G8: Adjudicación del contrato objeto del proceso de contratación | H8: Perfeccionamiento | I8: En esta etapa los Riesgos frecuentes son los siguientes: (i) Riesgo de que no se firme el contrato. (ii) Riesgo de que no se presenten las garantías requeridas en los Documentos del Proceso de Contratación o que su presentación sea tardía. (iii) Riesgos asociados al incumplimiento de la publicación o el registro presupuestal del contrato. (iv) Riesgos asociados a los reclamos de terceros sobre la selección del oferente que retrasen el perfeccionamiento del contrato. | N8: Riesgos Regulatorios | O8: derivados de cambios regulatorios o reglamentarios que afecten la ecuación económica del contrato.
B9: Externo | C9: es un Riesgo del sector del objeto del Proceso de Contratación, o asociado a asuntos no referidos a la Entidad Estatal (desastres económicos, existencia de monopolios, circunstancias electorales). | F9: Ejecución | G9: Perfeccionamiento | H9: Vencimiento del plazo o acta de liquidación | I9: Esta etapa puede extenderse cuando hay lugar a garantías de calidad, estabilidad y mantenimiento, o a condiciones de disposición final o recuperación ambiental de las obras o bienes. En esta etapa se cumplen con las obligaciones previstas en el contrato, permitiendo el logro del objeto del Proceso de Contratación; en consecuencia los Riesgos frecuentes son los asociados al cumplimiento del contrato y el logro del objeto propuesto, el rompimiento del equilibrio económico del contrato, los asociados a la liquidación y terminación del contrato y aquellos relacionados con el incumplimiento de la normativa posconsumo. | N9: Riesgos de la Naturaleza: | O9: son los eventos naturales previsibles en los cuales no hay intervención humana que puedan tener impacto en la ejecución del contrato, por ejemplo los temblores, inundaciones, lluvias, sequías, entre otros.
N10: Riesgos Ambientales: | O10: son los derivados de las obligaciones legales o reglamentarias de carácter ambiental, así como de las licencias, planes de manejo o de permisos y autorizaciones ambientales, incluyendo tasas retributivas y compensatorias, obligaciones de mitigación, tareas de monitoreo y control, entre otras.
N12: Riesgos Tecnológicos: | O12: son los derivados de fallas en los sistemas de comunicación de voz y de datos, suspensión de servicios públicos, nuevos desarrollos tecnológicos o estándares que deben ser tenidos en cuenta para la ejecución del contrato, obsolescencia tecnológica
C14: Probabilidad del Riesgo | F14: Impacto del riesgo | O14: Impacto | X14: Categoría del riesgo
C15: Categoría | D15: Valoración | F15: Impacto | O15: Clasificación Cualitativa | Q15: Obstruye la ejecución del contrato de manera intrascendente. | R15: Dificulta la ejecución del contrato de manera baja. Aplicando medidas mínimas se puede lograr el objeto contractual. | S15: Afecta la ejecución del contrato sin alterar el beneficio de las partes. | T15: Obstruye la ejecución del contrato sustancialmente per aun así permite la consecución del objeto contractual. | U15: Perturba la ejecución del contrato de manera grave imposibilitando la consecución del objeto contractual. | X15: Valoración del riesgo | Y15: Categoría
B16: Probabilidad | C16: Raro (puede ocurrir excepcionalmente) | D16: 1 | F16: Clasificación Cualitativa | H16: Obstruye la ejecución del contrato de manera intrascendente. | I16: Dificulta la ejecución del contrato de manera baja. Aplicando medidas mínimas se puede lograr el objeto contractual. | J16: Afecta la ejecución del contrato sin alterar el beneficio de las partes. | K16: Obstruye la ejecución del contrato sustancialmente per aun así permite la consecución del objeto contractual. | L16: Perturba la ejecución del contrato de manera grave imposibilitando la consecución del objeto contractual. | O16: Clasificación Monetaria | Q16: Los sobrecostos no representan mpas del uno por ciento (1%) del valor del contrato. | R16: Los sobrecostos no representan más del cinco por ciento (5%) del valor del contrato. | S16: Genera un impacto sobre el valor del contrato entre el cinco (5%) y el quince por ciento (15%). | T16: Incrementa el valor del contrato entre el quince (15%) y el treinta por ciento (30%). | U16: Impacto sobre el valor del contrato de más del treinta por ciento (30%). | X16: 8,9,10 | Y16: Riesgo Extremo
C17: Improbable (puede ocurrir ocasionalmente) | D17: 2 | F17: Clasificación Monetaria | H17: Los sobrecostos no representan mpas del uno por ciento (1%) del valor del contrato. | I17: Los sobrecostos no representan más del cinco por ciento (5%) del valor del contrato. | J17: Genera un impacto sobre el valor del contrato entre el cinco (5%) y el quince por ciento (15%). | K17: Incrementa el valor del contrato entre el quince (15%) y el treinta por ciento (30%). | L17: Impacto sobre el valor del contrato de más del treinta por ciento (30%). | O17: Categoría | P17: Valoración | Q17: Insignificante | R17: Menor | S17: Moderado | T17: Mayor | U17: Catastrófico | X17: 6 Y 7 | Y17: Riesgo Alto
C18: Posible (puede ocurrir en cualquier momento futuro) | D18: 3 | F18: Categoría | G18: Valoración | H18: Insignificante | I18: Menor | J18: Moderado | K18: Mayor | L18: Catastrófico | Q18: 1 | R18: 2 | S18: 3 | T18: 4 | U18: 5 | X18: 5 | Y18: Riesgo Medio
C19: Probable (probablemente va a ocurrir) | D19: 4 | H19: 1 | I19: 2 | J19: 3 | K19: 4 | L19: 5 | N19: Probabilidad | O19: Raro (puede ocurrir excepcionalmente) | P19: 1 | Q19: 2 | R19: 3 | S19: 4 | T19: 5 | U19: 6 | X19: 2,3 Y 4 | Y19: Riesgo Bajo
C20: Casi cierto (ocurre en la mayoría de circunstancias) | D20: 5 | O20: Improbable (puede ocurrir ocasionalmente) | P20: 2 | Q20: 3 | R20: 4 | S20: 5 | T20: 6 | U20: 7
O21: Posible (puede ocurrir en cualquier momento futuro) | P21: 3 | Q21: 4 | R21: 5 | S21: 6 | T21: 7 | U21: 8 | X21: ¿Afecta la ejecución del contrato? | Y21: Responsable por implementar el tratamiento
B22: Fuente: Agencia Nacional para la Contratación Pública – Colombia Compra Eficiente, http://www.colombiacompra.gov.co/es/manuales-y-documentos-tipo, disponible en internet, fecha de consulta 23 de enero de 2016. | O22: Probable (probablemente va a ocurrir) | P22: 4 | Q22: 5 | R22: 6 | S22: 7 | T22: 8 | U22: 9 | X22: Si | Y22: ICBF
O23: Casi cierto (ocurre en la mayoría de circunstancias) | P23: 5 | Q23: 6 | R23: 7 | S23: 8 | T23: 9 | U23: 10 | X23: No | Y23: Contratista
X24: ICBF y Contratista
C26: CLASE | D26: FUENTE | F26: PROBABILIDAD | G26: IMPACTO | H26: ¿A quién se le asigna?
C27: General | D27: Interno | F27: 1=Raro | G27: 1= Insignificante | H27: ICBF
C28: Específico | D28: Externo | F28: 2=Improbable | G28: 2= Menor | H28: Contratista
F29: 3=Posible | G29: 3= Moderado
F30: 4=Probable | G30: 4= Mayor
F31: 5=Casi cierto | G31: 5= Catastrófico
C33: ETAPA | D33: TIPO
C34: Planeación | D34: Riesgos Económicos
C35: Selección | D35: Riesgos Sociales o Políticos
C36: Contratación | D36: Riesgos Operacionales
C37: Ejecución | D37: Riesgos Financieros
D38: Riesgos Regulatorios
D39: Riesgos de la Naturaleza
D40: Riesgos Ambientales
D41: Riesgos Tecnológicos
